 Dungeon Crawl Stone Soup version 0.31-a0-485-gaadceae713 (webtiles) character file.

Game seed: 1058597533202389484

128 HoaS the Shooter (level 5, -4/30 HPs)
             Began as a Gargoyle Hunter on Aug 6, 2023.
             Slain by a goblin
             ... wielding a +0 long sword
              (5 damage)
             ... on level 4 of the Dungeon on Aug 7, 2023.
             The game lasted 00:06:44 (1838 turns).

HoaS the Shooter (Gargoyle Hunter)                  Turns: 1838, Time: 00:06:45

Health: -4/30      AC:  7    Str: 15    XL:     5   Next: 12%
Magic:  5/5        EV:  8    Int:  9    God:
Gold:   163        SH:  0    Dex: 15    Spells: 4/4 levels left

rFire   . . .        a - +0 shortbow
rCold   . . .        (shield currently unavailable)
rNeg    + . .        c - +0 leather armour
rPois   ∞            (no helmet)
rElec   +            (no cloak)
rCorr   .            (no gloves)
SInv    .            (no boots)
Will    +....        (no amulet)
Stlth   ++           e - ring of willpower
HPRegen 0.25/turn    (no ring)
MPRegen 0.09/turn

%: no passive effects
@: constricted
A: sickness immunity, AC +4, negative energy resistance 1, electricity
resistance, torment resistance 1, petrification resistance
a: no special abilities


You were on level 4 of the Dungeon.
You visited 1 branch of the dungeon, and saw 4 of its levels.

You collected 163 gold pieces.

Inventory:

Hand Weapons
 a - a +0 shortbow (weapon)
Armour
 c - a +0 leather armour (worn)
Jewellery
 e - a ring of willpower (left hand)
Scrolls
 b - a scroll of teleportation {unknown}
Potions
 d - a potion of resistance {unknown}
 f - a potion of curing
 g - a potion of berserk rage {unknown}
 h - a potion of degeneration {unknown}
 i - a potion of attraction {unknown}


   Skills:
 - Level 2.1 Fighting
 + Level 6.3 Ranged Weapons
 - Level 1.5 Dodging
 - Level 1.1 Stealth


You had 4 spell levels left.
You didn't know any spells.
Your spell library was empty.

Dungeon Overview and Level Annotations

Branches:
Dungeon (4/15)
 Temple: D:4-7

Altars:
Sif Muna
Uskayaw

Annotations:
D:3 Sigmund
D:4 3 runed translucent doors, exclusion: black bear, motkurizz's ghost, amateur MiGl


Innate Abilities, Weirdness & Mutations

You are immune to sickness and miasma.
Your stone body is resilient. (AC +4)
You are immune to poison.
You resist negative energy. (rN+)
You are resistant to electric shocks. (rElec)
You are resistant to unholy torment.
You are immune to petrification.


Message History

The adder barely misses you. The goblin barely misses you.
You shoot an arrow. The arrow misses the adder.
The ball python bites you but does no damage.
The ball python constricts you. The adder bites you.
* * * LOW HITPOINT WARNING * * *
The goblin hits you with a +0 long sword.
* * * LOW HITPOINT WARNING * * *
The ball python bites you.
* * * LOW HITPOINT WARNING * * *
The ball python constricts you.
* * * LOW HITPOINT WARNING * * *
You feel better. The adder bites you.
* * * LOW HITPOINT WARNING * * *
The goblin completely misses you. The ball python misses you.
The ball python constricts you. The adder bites you but does no damage.
You shoot an arrow. The arrow misses the adder.
The ball python closely misses you. The ball python constricts you.
* * * LOW HITPOINT WARNING * * *
The adder bites you but does no damage. The goblin hits you but does no damage.
You shoot an arrow. The arrow hits the adder.
The adder is heavily wounded.
The ball python bites you but does no damage.
The ball python constricts you. The adder bites you but does no damage.
The goblin hits you but does no damage. The ball python barely misses you.
The ball python constricts you. The adder bites you but does no damage.
You shoot an arrow. The arrow barely misses the adder.
The goblin hits you with a +0 long sword.
* * * LOW HITPOINT WARNING * * *
The adder bites you but does no damage.
The ball python bites you but does no damage.
The ball python constricts you.
You shoot an arrow. The arrow hits the adder.
The adder is severely wounded.
The adder bites you but does no damage.
The goblin hits you with a +0 long sword.
* * * LOW HITPOINT WARNING * * *
The ball python barely misses you. The ball python constricts you.
The adder bites you but does no damage.
The goblin hits you with a +0 long sword.
You die...

##### #...# ###.# ##
###.## ##### .#
#....## ###...# ##
.###.#(..###.#.8.' ..
.....###.....#...# .#
######....##.#.gS#.#
###.##..#.'.8@S#
####....##.#.#..†#w.#
..##.#.......#...#
[.#
#.##.##....#.#.8.+
..#
#....##...##.#...# .+
#######.#....##### #
#.#.##[# #.#.##.##
#.#.....#


You could see an adder, a dart slug, a goblin and a ball python.

Vanquished Creatures
  A jelly (D:4)
  A hound (D:4)
  An adder (D:4)
  6 orcs (D:4)
  10 ball pythons
  3 bats
  4 endoplasms
  A giant cockroach (D:2)
  8 goblins
  2 hobgoblins (D:4)
  2 jackals (D:3)
  5 quokkas
  A frilled lizard (D:1)
  2 kobolds
  5 rats
52 creatures vanquished.

Notes
Turn   | Place    | Note
-------+----------+-------------------------------------------
     0 | D:1      | HoaS the Gargoyle Hunter began the quest for the Orb.
     0 | D:1      | Reached XP level 1. HP: 12/12 MP: 1/1
    56 | D:1      | Reached XP level 2. HP: 17/17 MP: 2/2
   577 | D:2      | Reached XP level 3. HP: 13/21 MP: 3/3
   865 | D:2      | Reached skill level 5 in Ranged Weapons
  1141 | D:3      | Noticed Sigmund
  1155 | D:3      | Upgraded the game from 0.31-a0-473-g61b50ae490 to
                  | 0.31-a0-485-gaadceae713
  1268 | D:4      | Reached XP level 4. HP: 26/26 MP: 4/4
  1287 | D:4      | Found a hide-covered altar of Uskayaw.
  1288 | D:4      | Found a shimmering blue altar of Sif Muna.
  1526 | D:4      | Reached skill level 6 in Ranged Weapons
  1632 | D:4      | Reached XP level 5. HP: 30/30 MP: 5/5
  1657 | D:4      | Found a runed translucent gate.
  1658 | D:4      | Found a runed translucent gate.
  1659 | D:4      | Found a runed translucent gate.
  1667 | D:4      | Noticed motkurizz's ghost (amateur MiGl)
  1732 | D:4      | Noticed a black bear
  1838 | D:4      | HP: 1/30 [goblin/+0 long sword (1)]
  1838 | D:4      | Slain by a goblin

Illustrated notes

Levels and vault maps discovered:
D:1:      lightli_arrival_quake, layout_rooms
D:2:      layout_rooms, chequers_serial_rivers_marsh, minmay_pentomino_t4
D:3:      minmay_chambers_of_twos, layout_loops_corners,
          ebering_ecumenical_altar_hall, nicolae_houndstooth_variations,
          uniq_sigmund
D:4:      minmay_chambers_of_threes, layout_basic, jmf_multi_god_temple,
          gammafunk_ghost_necromancy

Skill      XL: |  1  2  3  4 |
---------------+-------------+-----
Ranged Weapons | 5 6 |  6.3
Fighting       | |  2.1
Dodging        | |  1.5
Stealth        | |  1.1

Action                     |  1- 3 |  4- 6 || total
---------------------------+-------+-------++-------
   Fire: Shortbow          |   107 |    65 ||   172
    Use: Scroll            |     8 |       ||     8
         Potion            |       |     1 ||     1
 Armour: Leather armour    |    24 |    42 ||    66
  Dodge: Dodged            |    40 |    22 ||    62

Table legend: (Time is in decaauts)
 A = Elapsed time spent in this place.
 B = Non-inter-level travel time spent in this place.
 C = Inter-level travel time spent in this place.
 D = Time resting spent in this place.
 E = Time spent auto-exploring this place.
 F = Levels seen in this place.
 G = Mean time per level.
                   A        B        C        D        E       F      G
               +--------+--------+--------+--------+--------+-----+--------+
         Total |   1870 |   1807 |     63 |     89 |   1342 |   4 |  467.5 |
       Dungeon |   1870 |   1807 |     63 |     89 |   1342 |   4 |  467.5 |
               +--------+--------+--------+--------+--------+-----+--------+

Top non-repeatable levels by time:
     D:4: 665 daAuts
     D:2: 540 daAuts
     D:1: 522 daAuts
     D:3: 142 daAuts
